 Dungeon Sprint DCSS version 0.18.1-47-g9310371 (webtiles) character file.

24898 rftp080 the Tortoise (level 13, -16/84 HPs)
             Began as a Gargoyle Air Elementalist on June 23, 2016.
             Was the Champion of Sif Muna.
             Demolished by a white very ugly thing (49 damage)
             ... in the Dungeon (Sprint IX: "|||||||||||||||||||||||||||||").
             The game lasted 00:17:27 (1961 turns).

rftp080 the Tortoise (Gargoyle Air Elementalist)    Turns: 1961, Time: 00:17:28

Health: -16/84     AC: 33    Str: 11    XL:     13   Next: 16%
Magic:  14/29      EV: 13    Int: 25    God:    Sif Muna [******]
Gold:   655        SH:  0    Dex: 10    Spells: 8 memorised, 10 levels left

rFire  . . .     SeeInvis .     p - +2 morningstar (protect)
rCold  . . .     Gourm    .     s - +2 ring mail
rNeg   + . .     Faith    .     (no shield)
rPois  ∞         Spirit   .     r - +0 helmet
rElec  +         Dismiss  .     A - +0 cloak
rCorr  .         Reflect  .     F - +0 pair of gloves
SustAt .         Harm     .     G - +0 pair of boots
MR     .....     NoTele   +     (no amulet)
Stlth  +.........               u - +3 ring of intelligence
                                t - +2 ring of protection

@: not resistant to hostile enchantments, very unstealthy
A: negative energy resistance 1, electricity resistance, unbreathing,
petrification resistance, rot immunity, AC +9
a: Channel Energy, Forget Spell, Renounce Religion


You were in the Dungeon.
You worshipped Sif Muna.
Sif Muna was exalted by your worship.
You were not hungry.

You visited 1 branch You collected 1927 gold pieces.
You spent 1272 gold pieces at shops.

Inventory:

Hand Weapons
 j - a +0 short sword
 n - a +2 halberd of protection
 o - a +0 lajatang
 p - a +2 morningstar of protection (weapon)
 q - a +2 scimitar of flaming
Armour
 a - a +0 robe
 r - a +0 helmet (worn)
 s - a +2 ring mail (worn)
 v - a +1 hat
 A - a +0 cloak (worn)
 F - a +0 pair of gloves (worn)
 G - a +0 pair of boots (worn)
 O - a +1 pair of gloves
 P - a +2 plate armour
 Q - a +1 chain mail of fire resistance
 R - a +1 large shield
Magical Staves
 m - an uncursed staff of energy
Jewellery
 t - a +2 ring of protection (left hand)
 u - a +3 ring of intelligence (right hand)
 L - an uncursed ring of protection from magic
 M - an uncursed ring of protection from fire
 N - an uncursed ring of ice
Wands
 l - a wand of acid (0/15)
 J - a wand of disintegration (15/24)
Scrolls
 h - 3 scrolls of remove curse
 k - 2 scrolls of amnesia
 w - 4 scrolls of fear
 x - 2 scrolls of identify
 y - a scroll of fog
 S - a scroll of blinking
 T - a scroll of recharging
Potions
 d - 2 potions of might
 e - 9 potions of heal wounds
 f - 3 potions of curing
 g - a potion of magic
 B - 2 potions of ambrosia {unknown}
Books
 b - a book of Air

   Spells                             Type                      Level
   a - Shock                          Conjuration/Air              1
   b - Swiftness                      Charms/Air                   2
   c - Repel Missiles                 Charms/Air                   2
   d - Static Discharge               Conjuration/Air              3
   e - Lightning Bolt                 Conjuration/Air              5
 i - Onain's Papyrus of Supportive Battle Magic
   (Sif Muna gifted it to you in the Dungeon)

   Spells                             Type                      Level
   a - Throw Flame                    Conjuration/Fire             2
   b - Mephitic Cloud                 Conjuration/Poison/Air       3
   c - Irradiate                      Conjuration/Transmutation    5
   d - Fireball                       Conjuration/Fire             5
   e - Bolt of Cold                   Conjuration/Ice              6
 z - Zemiuro's Collected Works on Beguiling and Arcane Weapons
   (Sif Muna gifted it to you in the Dungeon)

   Spells                             Type                      Level
   a - Slow                           Hexes                        2
   b - Ensorcelled Hibernation        Hexes/Ice                    2
   c - Spectral Weapon                Hexes/Charms                 3
   d - Bolt of Magma                  Conjuration/Fire/Earth       5
   e - Poison Arrow                   Conjuration/Poison           6
   f - Darkness                       Hexes                        6
 H - a book of Power

   Spells                             Type                      Level
   a - Fulminant Prism                Conjuration/Hexes            4
   b - Iskenderun's Mystic Blast      Conjuration                  4
   c - Venom Bolt                     Conjuration/Poison           5
   d - Bolt of Magma                  Conjuration/Fire/Earth       5
   e - Iron Shot                      Conjuration/Earth            6
   f - Orb of Destruction             Conjuration                  7
   g - Spellforged Servitor           Conjuration/Summoning        7
 I - an Akashic Record

   Spells                             Type                      Level
   a - Dispersal                      Translocation                6
   b - Malign Gateway                 Summoning/Translocation      7
   c - Disjunction                    Translocation                8
   d - Controlled Blink               Translocation                8
 K - Sif Muna's Reference Book on Shifting Hexes
   (Sif Muna gifted it to you in the Dungeon)

   Spells                             Type                      Level
   a - Beastly Appendage              Transmutation                1
   b - Dazzling Spray                 Conjuration/Hexes            3
   c - Confuse                        Hexes                        3
   d - Tukima's Dance                 Hexes                        3
   e - Alistair's Intoxication        Transmutation/Poison         5
 U - Tisu's Volume of Ice and Conjuration
   (Sif Muna gifted it to you in the Dungeon)

   Spells                             Type                      Level
   a - Sting                          Conjuration/Poison           1
   b - Throw Frost                    Conjuration/Ice              2
   c - Ozocubu's Refrigeration        Ice                          6
 V - Sif Muna's Primer on Sorcery
   (Sif Muna gifted it to you in the Dungeon)

   Spells                             Type                      Level
   a - Airstrike                      Air                          4
   b - Sticky Flame                   Conjuration/Fire             4
   c - Force Lance                    Conjuration/Translocation    4
   d - Animate Dead                   Necromancy                   4
   e - Olgreb's Toxic Radiance        Poison                       4
   f - Summon Lightning Spire         Summoning/Air                4
Comestibles
 c - 13 bread rations
 C - 6 chunks of flesh
 D - 40 fruits
 E - 12 meat rations


   Skills:
 - Level 11.4 Fighting
 - Level 15.4 Armour
 - Level 8.7 Dodging
 - Level 2.1 Stealth
 + Level 12.8 Spellcasting
 - Level 15.3 Conjurations
 + Level 9.9 Ice Magic
 - Level 7.7 Air Magic
 - Level 14.8 Invocations


You had 10 spell levels left.
You knew the following spells:

 Your Spells              Type           Power        Failure   Level  Hunger
a - Shock                 Conj/Air       ####         1%          1    None
b - Repel Missiles        Chrm/Air       #####.       1%          2    None
c - Swiftness             Chrm/Air       #####...     1%          2    None
d - Lightning Bolt        Conj/Air       ######....   1%          5    ###....
e - Spectral Weapon       Hex/Chrm       ###.....     21%         3    None
f - Bolt of Magma         Conj/Fire/Erth #####.....   24%         5    ###....
g - Mephitic Cloud        Conj/Pois/Air  ######..     1%          3    None
h - Bolt of Cold          Conj/Ice       ######....   8%          6    #####..


Dungeon Overview and Level Annotations

Branches:
Dungeon (1/1)

Altars:
Cheibriados
Dithmenos
Elyvilon
Fedhas
Gozag
Kikubaaqudgha
Makhleb
Nemelex Xobeh
Okawaru
Pakellas
Qazlal
Ru
Sif Muna
Trog
Vehumet
Xom
Yredelemnul
Zin
The Shining One
Beogh
Jiyva
Lugonu

Shops:
D :[*!


Innate Abilities, Weirdness & Mutations

You are resistant to torment.
Your stone body is resilient (AC +9).
You are immune to poison.
You resist negative energy.
You are resistant to electric shocks.
You can survive without breathing.
You are immune to petrification.
You are immune to rotting.


Message History

Things that are here:
a bolt; 3 large rocks There isn't anything to butcher here.
There isn't anything to butcher here.
There isn't anything to butcher here.
Okay, then.
Things that are here:
a longbow; 14 arrows This spell is impossible to cast!
Memorise Controlled Blink, consuming 8 spell levels and leaving 2?
You start memorising the spell.
You continue memorising. x6
The white very ugly thing pecks you.
Your memorisation is interrupted.
The white very ugly thing freezes you!!
* * * LOW HITPOINT WARNING * * *
Unknown command.
Drink which item? (? for menu, Esc to quit)
You feel much better. The white very ugly thing pecks you.
The white very ugly thing freezes you!!!
Ouch! That really hurt!
You die...

▓_▓.▓.▓.▓.▓.▓.▓
▓_▓.▓.▓.▓.▓.▓(▓
▓_▓.▓.▓.▓.▓.▓.▓
▓_▓.▓.▓.▓.▓.▓(▓
▓)▓.▓.▓.▓.▓.▓(▓
▓(▓.▓.▓.▓)▓.▓.▓
▓)▓.▓†▓.▓.▓.▓(▓
▓.▓.▓.▓.▓)▓.▓(▓
▓)▓.▓.▓.▓)▓.▓@▓
▓[▓.▓.▓.▓)▓.▓u▓
▓.▓.▓†▓.▓.▓.▓(▓
▓.▓.▓.▓.▓∩▓)▓(▓
▓.▓.▓.▓.▓.▓.▓.▓
▓.▓.▓.▓.▓∩▓.▓)▓
▓)▓.▓.▓.▓.▓.▓.▓
▓)▓.▓.▓.▓∩▓.▓.▓
▓†▓.▓.▓.▓.▓.▓.▓


You could see a white very ugly thing.

Vanquished Creatures
  Gastronok (D)
  2 stone giants (D)
  A spark wasp (D)
  An ettin (D)
  Harold (D)
  An entropy weaver (D)
  2 hydras (D)
  2 centaur warriors (D)
  8 orc high priests (D)
  A hill giant (D)
  7 orc knights (D)
  3 cyclopes (D)
  Psyche (D)
  Maurice (D)
  A spiny frog (D)
  A gargoyle (D)
  2 rime drakes (D)
  A komodo dragon (D)
  A yaktaur (D)
  Eustachio (D)
  2 yaks (D)
  2 hippogriffs (D)
  A warg (D)
  2 water moccasins (D)
  2 hell hounds (D)
  2 porcupines (D)
  11 orc warriors (D)
  An eye of draining (D)
  A phantom (D)
  5 wolves (D)
  A centaur (D)
  2 crocodiles (D)
  2 giant frogs (D)
  A scorpion (D)
  A crimson imp (D)
  A hound (D)
  2 orc priests (D)
  3 iguanas (D)
  2 orc wizards (D)
  A giant gecko (D)
  11 orcs (D)
  A bat (D)
  A bat skeleton (D)
  A giant cockroach (D)
  A hobgoblin (D)
  A giant newt (D)
  A kobold (D)
  A rat (D)
102 creatures vanquished.

Vanquished Creatures (others)
  An unseen horror (D)
  A hill giant (D)
  A tengu conjurer (D)
3 creatures vanquished.

Grand Total: 105 creatures vanquished

Notes
Turn   | Place    | Note
--------------------------------------------------------------
     0 | D        | rftp080 the Gargoyle Air Elementalist began the quest for the Orb.
     0 | D        | Reached XP level 1. HP: 10/10 MP: 3/3
     5 | D        | Reached skill level 1 in Armour
    42 | D        | Noticed a crimson imp
    42 | D        | Noticed a hound
    45 | D        | Reached XP level 2. HP: 13/16 MP: 0/5
    55 | D        | Reached XP level 3. HP: 21/21 MP: 0/7
    58 | D        | Reached XP level 4. HP: 27/27 MP: 1/8
    65 | D        | Found a glowing silver altar of Zin.
    65 | D        | Found a glowing golden altar of the Shining One.
    65 | D        | Found an ancient bone altar of Kikubaaqudgha.
    65 | D        | Found a basalt altar of Yredelemnul.
    65 | D        | Found a shimmering altar of Xom.
    65 | D        | Found a radiant altar of Vehumet.
    66 | D        | Found an iron altar of Okawaru.
    67 | D        | Found a burning altar of Makhleb.
    68 | D        | Found a deep blue altar of Sif Muna.
    69 | D        | Found a bloodstained altar of Trog.
    70 | D        | Found a sparkling altar of Nemelex Xobeh.
    71 | D        | Found a white marble altar of Elyvilon.
    72 | D        | Found a roughly hewn altar of Beogh.
    73 | D        | Found a viscous altar of Jiyva.
    74 | D        | Found a corrupted altar of Lugonu.
    75 | D        | Found a blossoming altar of Fedhas.
    76 | D        | Became a worshipper of Sif Muna the Loreminder
    77 | D        | Found a snail-covered altar of Cheibriados.
    78 | D        | Found a shadowy altar of Dithmenos.
    79 | D        | Found a stormy altar of Qazlal.
    80 | D        | Found an opulent altar of Gozag.
    81 | D        | Found a sacrificial altar of Ru.
    82 | D        | Found an oddly glowing altar of Pakellas.
   130 | D        | Learned a level 2 spell: Repel Missiles
   133 | D        | Learned a level 2 spell: Swiftness
   133 | D        | Noticed a gargoyle
   133 | D        | Noticed a hill giant
   133 | D        | Noticed a water moccasin
   139 | D        | Killed a hill giant
   139 | D        | Reached * piety under Sif Muna
   139 | D        | Reached ** piety under Sif Muna
   139 | D        | Reached skill level 5 in Fighting
   139 | D        | Reached XP level 5. HP: 17/35 MP: 9/12
   139 | D        | Reached XP level 6. HP: 20/40 MP: 9/13
   139 | D        | Reached XP level 7. HP: 22/44 MP: 9/14
   139 | D        | Reached skill level 5 in Spellcasting
   139 | D        | Reached skill level 5 in Air Magic
   141 | D        | Killed a gargoyle
   141 | D        | Reached *** piety under Sif Muna
   141 | D        | Reached XP level 8. HP: 43/51 MP: 9/16
   186 | D        | Noticed a hill giant
   186 | D        | Noticed a centaur warrior
   186 | D        | Noticed a cyclops
   211 | D        | Killed a hill giant
   218 | D        | Killed a centaur warrior
   226 | D        | Killed a cyclops
   226 | D        | Reached **** piety under Sif Muna
   226 | D        | Reached skill level 10 in Armour
   226 | D        | Reached skill level 5 in Dodging
   226 | D        | Reached skill level 10 in Conjurations
   226 | D        | Reached XP level 9. HP: 30/57 MP: 9/18
   468 | D        | Noticed a spiny frog
   468 | D        | Noticed a six-headed hydra
   469 | D        | Noticed a komodo dragon
   489 | D        | Killed a six-headed hydra
   489 | D        | Reached ***** piety under Sif Muna
   489 | D        | Reached skill level 10 in Invocations
   490 | D        | Killed a spiny frog
   498 | D        | Killed a komodo dragon
   498 | D        | Reached XP level 10. HP: 15/64 MP: 9/20
   509 | D        | Learned a level 5 spell: Lightning Bolt
   709 | D        | Noticed a seven-headed hydra
   722 | D        | Killed a seven-headed hydra
   722 | D        | Reached ****** piety under Sif Muna
   722 | D        | Received a gift from Sif Muna
   726 | D        | Identified Zemiuro's Collected Works on Beguiling and Arcane Weapons (Sif Muna gifted it to you in the Dungeon)
   731 | D        | Learned a level 3 spell: Spectral Weapon
   737 | D        | Learned a level 5 spell: Bolt of Magma
   991 | D        | Noticed Psyche
  1007 | D        | Killed Psyche
  1007 | D        | Reached XP level 11. HP: 66/71 MP: 3/23
  1180 | D        | Received a gift from Sif Muna
  1200 | D        | Noticed an orc knight
  1218 | D        | Killed an orc knight
  1256 | D        | Found Vuifyph's Book Emporium.
  1256 | D        | Noticed an orc high priest
  1256 | D        | Noticed an orc high priest
  1256 | D        | Noticed an orc high priest
  1256 | D        | Noticed an orc high priest
  1256 | D        | Noticed an orc knight
  1259 | D        | Killed an orc high priest
  1260 | D        | Noticed an orc high priest
  1261 | D        | Killed an orc high priest
  1261 | D        | Reached skill level 10 in Fighting
  1261 | D        | Killed an orc high priest
  1263 | D        | Noticed an orc high priest
  1280 | D        | Killed an orc high priest
  1282 | D        | Noticed an orc knight
  1347 | D        | Killed an orc high priest
  1349 | D        | Killed an orc high priest
  1354 | D        | Killed an orc knight
  1355 | D        | Killed an orc knight
  1403 | D        | Noticed an orc knight
  1404 | D        | Noticed an orc high priest
  1406 | D        | Noticed an orc knight
  1406 | D        | Killed an orc knight
  1406 | D        | Reached XP level 12. HP: 61/79 MP: 9/25
  1412 | D        | Killed an orc high priest
  1416 | D        | Noticed an orc high priest
  1433 | D        | Killed an orc high priest
  1433 | D        | Received a gift from Sif Muna
  1434 | D        | Identified Onain's Papyrus of Supportive Battle Magic (Sif Muna gifted it to you in the Dungeon)
  1439 | D        | Learned a level 3 spell: Mephitic Cloud
  1446 | D        | Learned a level 6 spell: Bolt of Cold
  1474 | D        | Found Effuk's Armour Shoppe.
  1478 | D        | Found Rusad's General Store.
  1482 | D        | Found Mur Vusch's Distillery.
  1499 | D        | Reached skill level 15 in Armour
  1506 | D        | Bought a +0 cloak for 58 gold pieces
  1522 | D        | Bought an Akashic Record for 1214 gold pieces
  1707 | D        | Noticed Harold
  1711 | D        | Killed Harold
  1711 | D        | Reached skill level 15 in Conjurations
  1711 | D        | Reached skill level 1 in Ice Magic
  1720 | D        | Noticed Eustachio
  1722 | D        | Noticed Gastronok
  1728 | D        | Killed Eustachio
  1746 | D        | Killed Gastronok
  1800 | D        | Noticed Maurice
  1804 | D        | Killed Maurice
  1901 | D        | Noticed a centaur warrior
  1902 | D        | Reached skill level 10 in Spellcasting
  1903 | D        | Killed a centaur warrior
  1903 | D        | Received a gift from Sif Muna
  1903 | D        | Reached skill level 5 in Ice Magic
  1905 | D        | Identified Tisu's Volume of Ice and Conjuration (Sif Muna gifted it to you in the Dungeon)
  1907 | D        | Noticed an entropy weaver
  1912 | D        | Noticed a stone giant
  1913 | D        | Noticed an ettin
  1916 | D        | Noticed a spark wasp
  1917 | D        | Killed a stone giant
  1917 | D        | Killed an ettin
  1917 | D        | Received a gift from Sif Muna
  1918 | D        | Noticed a stone giant
  1918 | D        | Killed an entropy weaver
  1918 | D        | Reached XP level 13. HP: 75/84 MP: 2/29
  1934 | D        | Killed a stone giant
  1934 | D        | Received a gift from Sif Muna
  1935 | D        | Killed a spark wasp
  1949 | D        | Identified Sif Muna's Reference Book on Shifting Hexes (Sif Muna gifted it to you in the Dungeon)
  1949 | D        | Identified Sif Muna's Primer on Sorcery (Sif Muna gifted it to you in the Dungeon)
  1955 | D        | Noticed a white very ugly thing
  1961 | D        | Demolished by a white very ugly thing

Skill      XL: |  1  2  3  4  5  6  7  8  9 10 11 12 13 |
---------------+----------------------------------------+-----
Armour         | 2 4 8 9 10 11 12 14 15 | 15.4
Conjurations   | 2 3 4 7 8 10 11 12 14 15 | 15.3
Fighting       | 2 5 6 7 8 9 10 11 | 11.4
Air Magic      | 3 4 5 6 7 |  7.7
Spellcasting   | 3 4 5 6 7 8 9 12 | 12.8
Dodging        | 3 4 5 6 8 |  8.7
Invocations    | 6 7 8 10 11 13 14 | 14.8
Ice Magic      | 8 9 |  9.9
Stealth        | |  2.1

Action                   |  1- 3 |  4- 6 |  7- 9 | 10-12 | 13-15 || total
-------------------------+-------+-------+-------+-------+-------++-------
Melee: Short sword       |     4 |       |    14 |       |       ||    18
 Cast: Shock             |    10 |       |    45 |    10 |       ||    65
       Swiftness         |       |       |     1 |       |       ||     1
       Lightning Bolt    |       |       |       |    97 |     5 ||   102
       Repel Missiles    |       |       |       |     1 |       ||     1
       Bolt of Cold      |       |       |       |       |     3 ||     3
Invok: Channel Energy    |       |       |    12 |   128 |    12 ||   152
Evoke: Wand              |       |     5 |     2 |       |       ||     7
  Use: Potion            |     4 |       |     7 |     5 |     1 ||    17
       Scroll            |       |       |     1 |     1 |       ||     2
  Eat: Chunk             |       |       |     1 |    41 |     1 ||    43
       Beef jerky        |       |       |       |     1 |       ||     1
       Bread ration      |       |       |       |       |     1 ||     1
       Pizza             |       |       |       |       |     1 ||     1
Armor: Robe              |     2 |       |       |       |       ||     2
       Ring mail         |       |     1 |    30 |    95 |     7 ||   133
Dodge: Dodged            |     9 |     1 |    35 |    91 |     5 ||   141
       Deflected         |       |       |       |     5 |     1 ||     6
